 Dungeon Crawl Stone Soup version 0.24.0-1-gfbc8707122 (webtiles) character file.

Game seed: 12438664071546409191, levelgen mode: deterministic

42 Looknius the Conjurer (level 3, -1/19 HPs)
             Began as a Kobold Conjurer on Oct 27, 2019.
             Slain by a goblin (2 damage)
             ... led by Robin
             ... on level 2 of the Dungeon.
             The game lasted 00:20:11 (988 turns).

Looknius the Conjurer (Kobold Conjurer)              Turns: 988, Time: 00:20:12

Health: -1/19      AC:  4    Str:  5    XL:     3   Next: 80%
Magic:  5/6        EV: 14    Int: 17    God:
Gold:   60         SH:  0    Dex: 15    Spells: 5/6 levels left

rFire    . . .     SeeInvis .   m - +0 short sword
rCold    . . .     Gourm    .   (shield restricted)
rNeg     . . .     Faith    .   j - +0 leather armour
rPois    .         Spirit   .   p - +0 helmet
rElec    .         Reflect  .   (no cloak)
rCorr    .         Harm     .   (no gloves)
MR       .....                  (no boots)
Stlth    ++........             (no amulet)
HPRegen  0.06/turn              (no ring)
MPRegen  0.10/turn              (no ring)

@: no status effects
A: small, carnivore
a: no special abilities


You were on level 2 of the Dungeon.
You were not hungry.

You visited 1 branch of the dungeon, and saw 2 of its levels.

You collected 60 gold pieces.

Inventory:

Hand Weapons
 h - a +0 dagger
 m - a +0 short sword (weapon)
Missiles
 b - 29 sling bullets
 e - 27 bolts
 g - 50 stones (quivered)
 k - 2 atropa-tipped darts
Armour
 a - a +0 robe
 d - a +0 leather armour
 j - a +0 leather armour (worn)
 p - a +0 helmet (worn)
Jewellery
 n - a +3 ring of dexterity {unknown}
Scrolls
 c - 5 scrolls of identify {unknown}
 f - a scroll of blinking {unknown}
 o - a scroll of amnesia {unknown}
Potions
 l - a potion of mutation {unknown}
Comestibles
 i - 2 rations


   Skills:
 + Level 0.2 Fighting
 * Level 1.1 Short Blades
 + Level 2.7 Dodging
 + Level 3.3 Stealth
 - Level 0.1 Unarmed Combat
 + Level 2.3 Spellcasting
 + Level 4.6 Conjurations


You had 5 spell levels left.
You knew the following spells:

 Your Spells              Type           Power        Failure   Level  Hunger
a - Magic Dart            Conj           ###.         4%          1    #......

Your spell library contained the following spells:

 Spells                   Type           Power        Failure   Level  Hunger
 Searing Ray              Conj           ###...       7%          2    ###....
 Dazzling Spray           Conj/Hex       #.....       36%         3    ###....
 Iskenderun's Mystic Bla  Conj           ###.....     43%         4    #####..
 Force Lance              Conj/Tloc      #.......     77%         4    #####..
 Fulminant Prism          Conj/Hex       #.........   77%         4    #####..


Dungeon Overview and Level Annotations

Branches:
Dungeon (2/15)

Altars:

Annotations:
D:2 Robin


Innate Abilities, Weirdness & Mutations

You are small and have problems with some larger weapons.
You are carnivorous and can eat meat at any time.


Message History

The goblin barely misses you.
You hit the goblin.
The goblin is severely wounded.
The goblin misses you. The frilled lizard barely misses you.
The goblin misses you. The goblin closely misses you.
The goblin hits you with a +0 club.
You hit the goblin.
You kill the goblin!
The frilled lizard misses you. The goblin completely misses you.
The goblin hits you with a +0 dagger. The goblin hits you with a +0 club.
* * * LOW HITPOINT WARNING * * *
A bat comes into view.
Robin throws the goblin at you!
* * * LOW HITPOINT WARNING * * *
The goblin closely misses you. x2; The frilled lizard barely misses you.
Things that are here:
a +0 club; a +0 dagger; a goblin corpse The goblin closely misses you.
The goblin hits you but does no damage. The goblin hits you.
You die... #.......# #...g...# #..ggg..# #grgggb.#

###.l####
###)##
#.g..#
#.g..##
#@....#
#...#.##.#
#...#..#.#
#...##.#.#
#...##.#.#
#...##)#.#
#...##.#.#
#...##.#.#
######...#


You could see 5 goblins and a frilled lizard.

Vanquished Creatures
  2 oozes (D:1)
  2 dart slugs (D:1)
  A leopard gecko (D:1)
  A ball python (D:1)
  A giant cockroach (D:1)
  3 goblins
  6 hobgoblins
  2 bats (D:1)
  A frilled lizard (D:2)
  3 kobolds
  7 rats (D:1)
29 creatures vanquished.

Notes
Turn   | Place    | Note
-------+----------+-------------------------------------------
     0 | D:1      | Looknius the Kobold Conjurer began the quest for the Orb.
     0 | D:1      | Reached XP level 1. HP: 10/10 MP: 3/3
   323 | D:1      | Reached XP level 2. HP: 11/15 MP: 1/5
   551 | D:1      | Reached XP level 3. HP: 13/19 MP: 0/6
   976 | D:2      | Noticed Robin
   981 | D:2      | Reached skill level 1 in Short Blades
   988 | D:2      | Slain by a goblin

Levels and vault maps discovered:
D:1:      dpeg_arrival_pond, layout_rooms
D:2:      layout_basic, tso_metal_star, uniq_jessica, uniq_robin

Skill      XL: |  1  2  3 |
---------------+----------+-----
Stealth        | 3 |  3.3
Short Blades   | 1 |  1.1
Fighting       | |  0.2
Dodging        | |  2.7
Unarmed Combat | |  0.1
Spellcasting   | |  2.3
Conjurations   | |  4.6

Action                   || total
-------------------------++-------
Melee: Unarmed           ||    42
       Short sword       ||    51
       Punch             ||     1
 Cast: Magic Dart        ||    29
 Stab: Sleeping          ||     2
  Eat: Ration            ||     1
       Chunk             ||     1
Armor: Leather armour    ||    18
Dodge: Dodged            ||   107
